 Dungeon Crawl Stone Soup version 0.26-a0-610-g3e9335b (webtiles) character file.

Game seed: 587361992491548438

520 B1Gdaddy5 the Cudgeler (level 7, 0/76 HPs)
             Began as a Gnoll Wanderer on Sept 2, 2020.
             Slain by a gnoll
             ... wielding a +0 halberd
              (4 damage)
             ... on level 4 of the Dungeon on Sept 3, 2020.
             The game lasted 00:33:59 (2233 turns).

B1Gdaddy5 the Cudgeler (Gnoll Wanderer)             Turns: 2233, Time: 00:34:01

Health: 0/76       AC: 23    Str: 16    XL:     7   Next: 21%
Magic:  15/15      EV:  2    Int: 13    God:
Gold:   117        SH:  0    Dex: 16    Spells: 17/17 levels left

rFire    + . .     SeeInvis .   a - +3 mace
rCold    x . .     Faith    .   (no shield)
rNeg     + + +     Spirit   .   (armour currently unavailable)
rPois    +         Reflect  .   (helmet currently unavailable)
rElec    .         Harm     .   (cloak currently unavailable)
rCorr    .         NoTele   +   (gloves currently unavailable)
MR       .....                  (boots currently unavailable)
Stlth    ++........             u - amulet of regeneration
HPRegen  0.62/turn              e - ring of fire
MPRegen  0.14/turn              m - +4 ring of slaying

@: tree-form
A: distributed training, strong nose
a: no special abilities


You were on level 4 of the Dungeon.
You were a tree.
You visited 1 branch of the dungeon, and saw 4 of its levels.

You collected 117 gold pieces.

Inventory:

Hand Weapons
 a - a +3 mace (weapon)
 d - a +0 dagger of venom
Missiles
 c - 30 poisoned darts (quivered)
Armour
 j - a +0 pair of gloves (melded)
 k - a +0 cloak (melded)
 t - a +1 ring mail (melded)
 z - a +0 helmet (melded)
Jewellery
 e - a ring of fire (left branch)
 m - a +4 ring of slaying (right branch)
 u - an amulet of regeneration (around neck)
 w - an uncursed ring of ice
Wands
 y - a wand of digging (4)
Scrolls
 f - a scroll of enchant armour
 g - 2 scrolls of blinking
 p - a scroll of immolation
 s - a scroll of remove curse
 x - a scroll of teleportation
Potions
 h - a potion of magic
 i - a potion of brilliance
 l - a potion of mutation
 n - a potion of curing
 o - a potion of degeneration {unknown}
 q - a potion of resistance {unknown}
 r - a potion of might {unknown}
 A - a potion of flight {unknown}


   Skills:
 + Level 2.3 Fighting
 + Level 2.3 Short Blades
 + Level 2.3 Long Blades
 + Level 2.3 Axes
 + Level 7.0 Maces & Flails
 + Level 2.3 Polearms
 + Level 2.3 Staves
 + Level 2.3 Slings
 + Level 2.3 Bows
 + Level 2.3 Crossbows
 + Level 3.5 Throwing
 + Level 5.2 Armour
 + Level 2.3 Dodging
 + Level 2.3 Stealth
 + Level 2.3 Shields
 + Level 2.3 Unarmed Combat
 + Level 5.5 Spellcasting
 + Level 1.9 Conjurations
 + Level 1.9 Hexes
 + Level 1.9 Summonings
 + Level 1.9 Necromancy
 + Level 1.9 Translocations
 + Level 1.9 Transmutations
 + Level 1.9 Fire Magic
 + Level 1.9 Ice Magic
 + Level 1.9 Air Magic
 + Level 1.9 Earth Magic
 + Level 2.9 Poison Magic
 + Level 2.6 Invocations
 + Level 3.5 Evocations


You had 17 spell levels left.
You didn't know any spells.
Your spell library was empty.

Dungeon Overview and Level Annotations

Branches:
Dungeon (4/15)
 Temple: D:4-7

Altars:


Innate Abilities, Weirdness & Mutations

Your experience applies equally to all skills.
((You have very sharp teeth.))
Your uncanny sense of smell can sniff out nearby items.


Message History

You cannot move.
You cannot move.
The orc wizard gestures at you while chanting.
The puff of flame hits you. You resist.
* * * LOW HITPOINT WARNING * * *
You sock the orc wizard!
You kill the orc wizard!
The gnoll hits you but does no damage.
You cannot move.
You cannot move.
The gnoll hits you from afar with a +0 halberd.
* * * LOW HITPOINT WARNING * * *
The gnoll hits you but does no damage.
Throwing (i - inventory)
c - 31 poisoned darts (quivered)
Press: ? - help, Shift-Dir - straight line, f - gnoll
Aim: a gnoll, wielding a +0 halberd You throw a poisoned dart.
The poisoned dart hits the gnoll.
The gnoll is poisoned.
The gnoll hits you from afar with a +0 halberd.
You die...

.#.....####.##..
.#.....# .##.#
.......####.##.#
......>...#.##.#
##.....##.#.##.#
##.....#....##.#
............##.# #
##.....#...###.#####...#
##....##.###.g)♣.......
####.##.###..######.##
#.........# ###..####)#
#.## #)# .... ..# ###.
.... #. .#### #. #.


You could see a gnoll (poisoned).

Vanquished Creatures
  Grinder (D:3)
  A scorpion (D:4)
  An orc wizard (D:4)
  A gnoll shaman (D:4)
  An orc priest (D:4)
  A worker ant (D:3)
  Robin (D:3)
  3 gnolls (D:3)
  2 adders (D:2)
  2 worms
  4 dart slugs
  2 leopard geckos (D:2)
  2 orcs
  2 giant cockroaches (D:1)
  16 goblins
  14 hobgoblins
  8 jackals
  A quokka (D:4)
  A ball python (D:2)
  6 bats
  6 frilled lizards
  8 kobolds
  5 rats
89 creatures vanquished.

Notes
Turn   | Place    | Note
-------+----------+-------------------------------------------
     0 | D:1      | B1Gdaddy5 the Gnoll Wanderer began the quest for the Orb.
     0 | D:1      | B1Gdaddy5 set off with the following items: a +2 mace, a
                  | potion of lignification, 12 poisoned darts, a +0 dagger, a
                  | +0 robe
     0 | D:1      | Reached XP level 1. HP: 13/13 MP: 6/6
   282 | D:1      | Reached XP level 2. HP: 19/19 MP: 7/7
   723 | D:2      | Reached XP level 3. HP: 25/25 MP: 9/9
   745 | D:2      | Reached skill level 5 in Spellcasting
   945 | D:2      | Reached skill level 1 in Invocations
  1025 | D:2      | Reached skill level 1 in Fighting
  1025 | D:2      | Reached skill level 1 in Short Blades
  1025 | D:2      | Reached skill level 1 in Long Blades
  1025 | D:2      | Reached skill level 1 in Axes
  1025 | D:2      | Reached skill level 1 in Polearms
  1025 | D:2      | Reached skill level 1 in Staves
  1025 | D:2      | Reached skill level 1 in Slings
  1025 | D:2      | Reached skill level 1 in Bows
  1025 | D:2      | Reached skill level 1 in Crossbows
  1025 | D:2      | Reached skill level 1 in Dodging
  1025 | D:2      | Reached skill level 1 in Stealth
  1025 | D:2      | Reached skill level 1 in Shields
  1025 | D:2      | Reached skill level 1 in Unarmed Combat
  1025 | D:2      | Reached XP level 4. HP: 32/32 MP: 11/11
  1366 | D:3      | Noticed Robin
  1385 | D:3      | Killed Robin
  1385 | D:3      | Reached skill level 1 in Conjurations
  1385 | D:3      | Reached skill level 1 in Hexes
  1385 | D:3      | Reached skill level 1 in Summonings
  1385 | D:3      | Reached skill level 1 in Necromancy
  1385 | D:3      | Reached skill level 1 in Translocations
  1385 | D:3      | Reached skill level 1 in Transmutations
  1385 | D:3      | Reached skill level 1 in Fire Magic
  1385 | D:3      | Reached skill level 1 in Ice Magic
  1385 | D:3      | Reached skill level 1 in Air Magic
  1385 | D:3      | Reached skill level 1 in Earth Magic
  1431 | D:3      | Reached XP level 5. HP: 30/37 MP: 12/12
  1985 | D:3      | Noticed Grinder
  1997 | D:3      | Paralysed by Grinder for 3 turns
  2006 | D:3      | Paralysed by Grinder for 4 turns
  2011 | D:3      | Killed Grinder
  2011 | D:3      | Reached skill level 5 in Armour
  2011 | D:3      | Reached XP level 6. HP: 29/44 MP: 14/14
  2210 | D:4      | Reached XP level 7. HP: 47/50 MP: 15/15
  2217 | D:4      | Reached skill level 7 in Maces & Flails
  2231 | D:4      | HP: 3/76 [gnoll/+0 halberd (6)]
  2233 | D:4      | Slain by a gnoll

Illustrated notes

Levels and vault maps discovered:
D:1:      matt_arrival_grand_opening, layout_rooms
D:2:      layout_loops_ring
D:3:      layout_rooms, uniq_grinder, uniq_robin
D:4:      layout_loops_ring, nicolae_overflow_hidden_temple, serial_shops,
          nicolae_shop_behind_doors, shop, shop

Skill      XL: |  1  2  3  4  5  6  7 |
---------------+----------------------+-----
Poison Magic   | 2 |  2.9
Spellcasting   | 5 |  5.5
Invocations    | 1 2 |  2.6
Fighting       | 1 2 |  2.3
Short Blades   | 1 2 |  2.3
Long Blades    | 1 2 |  2.3
Axes           | 1 2 |  2.3
Polearms       | 1 2 |  2.3
Staves         | 1 2 |  2.3
Slings         | 1 2 |  2.3
Bows           | 1 2 |  2.3
Crossbows      | 1 2 |  2.3
Dodging        | 1 2 |  2.3
Stealth        | 1 2 |  2.3
Shields        | 1 2 |  2.3
Unarmed Combat | 1 2 |  2.3
Conjurations   | 1 |  1.9
Hexes          | 1 |  1.9
Summonings     | 1 |  1.9
Necromancy     | 1 |  1.9
Translocations | 1 |  1.9
Transmutations | 1 |  1.9
Fire Magic     | 1 |  1.9
Ice Magic      | 1 |  1.9
Air Magic      | 1 |  1.9
Earth Magic    | 1 |  1.9
Throwing       | 3 |  3.5
Evocations     | 3 |  3.5
Armour         | 5 |  5.2
Maces & Flails | 7 |  7.0

Action                   |  1- 3 |  4- 6 |  7- 9 || total
-------------------------+-------+-------+-------++-------
Melee: Mace              |    86 |   152 |    12 ||   250
       Bite              |     3 |    13 |       ||    16
       Punch             |       |     1 |       ||     1
Throw: Dart              |       |       |     1 ||     1
  Use: Scroll            |     2 |    11 |       ||    13
       Potion            |       |       |     1 ||     1
Armor: Robe              |     1 |       |       ||     1
       Ring mail         |    27 |    60 |     1 ||    88
       Skin              |       |       |     8 ||     8
Dodge: Dodged            |    39 |    83 |     4 ||   126

Table legend: (Time is in decaauts)
 A = Elapsed time spent in this place.
 B = Non-inter-level travel time spent in this place.
 C = Inter-level travel time spent in this place.
 D = Time resting spent in this place.
 E = Time spent auto-exploring this place.
 F = Levels seen in this place.
 G = Mean time per level.
                   A        B        C        D        E       F      G
               +--------+--------+--------+--------+--------+-----+--------+
         Total |   2246 |   2185 |     61 |    203 |    798 |   4 |  561.5 |
       Dungeon |   2246 |   2185 |     61 |    203 |    798 |   4 |  561.5 |
               +--------+--------+--------+--------+--------+-----+--------+

Top non-repeatable levels by time:
     D:3: 776 daAuts
     D:2: 712 daAuts
     D:1: 661 daAuts
     D:4: 96 daAuts
